 Dungeon Crawl Stone Soup version 0.27.1 (webtiles) character file.

Game seed: 4153404000995820750

1398 Crownlay the Cleaver (level 8, -1/64 HPs)
             Began as a Hill Orc Fighter on Aug 19, 2021.
             Was a Believer of Okawaru.
             Succumbed to an orc's poison
             ... on level 7 of the Dungeon on Aug 23, 2021.
             The game lasted 00:14:18 (6480 turns).

Crownlay the Cleaver (Hill Orc Fighter)             Turns: 6480, Time: 00:14:18

Health: -1/64      AC: 12    Str: 21    XL:     8   Next: 69%
Magic:  8/8        EV:  9    Int:  8    God:    Okawaru [**....]
Gold:   191        SH:  4    Dex: 10    Spells: 7/7 levels left

rFire    . . .     SeeInvis .   a - +0 war axe
rCold    . . .     Faith    .   r - +0 buckler
rNeg     . . .     Spirit   .   b - +0 scale mail
rPois    .         Reflect  .   k - +0 helmet
rElec    .         Harm     .   p - scarf {shadows}
rCorr    .         Rampage  .   B - +2 pair of gloves
Will     .....                  m - +0 pair of boots
Stlth    ..........             (no amulet)
HPRegen  0.20/turn              (no ring)
MPRegen  0.11/turn              (no ring)

@: lethally poisoned (-1 -> -11), silenced
A: no striking features
a: Renounce Religion


You were on level 7 of the Dungeon.
You worshipped Okawaru.
Okawaru was pleased with you.
You visited 2 branches of the dungeon, and saw 8 of its levels.
You also visited: Sewer.

You collected 217 gold pieces.
You spent 26 gold pieces at shops.

Inventory:

Hand Weapons
 a - a +0 war axe (weapon)
 t - the +5 mace of Xogoolill {holy, *Corrode rPois Str+4}
   (You found it on level 4 of the Dungeon)

   It has been blessed by the Shining One to cause great damage to the undead
   and demons.
   Str:       It affects your strength (+4).
   rPois:     It protects you from poison.
   *Corrode:  It may corrode you when you take damage.
Missiles
 z - 2 boomerangs (quivered)
 A - 5 javelins
 C - 5 curare-tipped darts
Armour
 b - a +0 scale mail (worn)
 c - a +0 kite shield
 g - a +0 cloak
 k - a +0 helmet (worn)
 m - a +0 pair of boots (worn)
 p - a scarf of shadows (worn)
 r - a +0 buckler (worn)
 B - a +2 pair of gloves (worn)
Jewellery
 f - a ring of wizardry
Wands
 o - a wand of flame (34)
Scrolls
 d - 4 scrolls of teleportation
 n - a scroll of noise {unknown}
 q - a scroll of holy word {unknown}
 v - a scroll of enchant armour {unknown}
 w - a scroll of vulnerability {unknown}
 x - a scroll of summoning
 y - a scroll of magic mapping
Potions
 i - a potion of brilliance
 j - a potion of cancellation
 l - a potion of degeneration
 s - a potion of magic
 u - a potion of haste


   Skills:
 - Level 3.6 Fighting
 + Level 13.0 Axes
 - Level 3.2 Armour
 - Level 4.0 Shields


You had 7 spell levels left.
You didn't know any spells.
Your spell library contained the following spells:

 Spells                   Type           Power      Damage    Failure   Level
 Magic Dart               Conj           0%         1d3       75%         1
 Searing Ray              Conj           0%         3d3       87%         2
 Sublimation of Blood     Necr           0%         N/A       87%         2
 Fulminant Prism          Conj/Hex       0%         3d6       100%        4
 Petrify                  Tmut/Erth      0%         N/A       100%        4
 Irradiate                Conj/Tmut      0%         3d13      100%        5


Dungeon Overview and Level Annotations

Branches:
Dungeon (8/15)             Temple (1/1) D:4           Sewer (visited)
   Lair: D:8-11

Altars:
Cheibriados
Dithmenos
Fedhas
Gozag
Hepliaklqana
Kikubaaqudgha
Makhleb
Nemelex Xobeh
Okawaru
Qazlal
Ru
Sif Muna
Wu Jian
Xom

Shops:
D:5 *

Annotations:
D:7 2 transporters, kthxbai's ghost, amateur DjEE


Message History

You feel less confused.
You feel very sick.
The orc shouts!
You hear a shout!
The orc hits you from afar with a +2 trident of venom.
You are lethally poisoned!
The orc priest hits you but does no damage.
Something hits you but does no damage.
You barely miss something.
* * * LOW HITPOINT WARNING * * *
You feel very sick.
The orc hits you from afar with a +2 trident of venom.
* * * LOW HITPOINT WARNING * * *
The orc priest hits you but does no damage.
You slash something! Okawaru accepts your kill.
Reactivating autopickup.
You feel a bit more experienced.
The orc priest shouts, "Beogh is our master!
Accept the truth or die!"
You hit the orc.
* * * LOW HITPOINT WARNING * * *
You feel very sick. The orc hits you but does no damage.
Okay, then.
As you read the scroll labelled BIOSANN HAOSANT, it crumbles to dust.
A profound silence engulfs you.
It was a scroll of silence.
* * * LOW HITPOINT WARNING * * *
You feel very sick.
The orc priest hits you but does no damage.
The orc barely misses you. The orc hits you but does no damage.
Magic scrolls do not work when you're silenced!
You hit the orc but do no damage.
The orc is almost dead.
You barely miss the orc.
* * * LOW HITPOINT WARNING * * *
You feel very sick. The orc priest closely misses you.
The orc completely misses you.
You barely miss the orc.
The orc is almost dead.
You hit the orc but do no damage.
You die...

.... .....##..#
.....#...##....
o....#...#.#.$##
..[..#..©#©#..#|
#.....#T#h.##
##....##g...#..#
..#.#..##o##.≈#.###(#
..........o##8≈≈$...≈8
.........o.@##..≈.≈..##.
...........o.##z###.##..
...........†..##.©.##.#
...............#####.###
.......#...>...........##.
#.#...##.........>........
#.. ##.......#...#.....
#....#.###...#..#
......##..##......##


You could see an orc priest and 3 orcs.

Vanquished Creatures
  An ice beast (D:5)
  A sky beast (D:5)
  2 ogres (D:4)
  2 bullfrogs (Sewer)
  2 scorpions
  6 killer bees (D:8)
  A crimson imp (D:4)
  An orc priest (D:5)
  A bullfrog skeleton (D:7)
  3 hounds
  A jelly (D:5)
  2 orc wizards
  An iguana (D:5)
  A hound zombie (D:5)
  6 adders
  A white imp (D:8)
  An ufetubus (D:5)
  An adder skeleton (D:5)
  2 worms
  2 dart slugs
  6 orcs
  4 bats
  11 endoplasms
  19 giant cockroaches
  7 goblins
  3 hobgoblins
  6 jackals
  7 kobolds
  21 quokkas
  19 ball pythons
  21 frilled lizards
  6 rats
168 creatures vanquished.

Vanquished Creatures (others)
  4 plants (D:2)
4 creatures vanquished.

Grand Total: 172 creatures vanquished

Notes
Turn   | Place    | Note
-------+----------+-------------------------------------------
     0 | D:1      | Crownlay the Hill Orc Fighter began the quest for the Orb.
     0 | D:1      | Reached XP level 1. HP: 19/19 MP: 1/1
    24 | D:1      | Reached skill level 3 in Axes
    75 | D:1      | Reached XP level 2. HP: 21/26 MP: 2/2
   211 | D:1      | Reached skill level 4 in Axes
  1205 | D:2      | Reached XP level 3. HP: 31/31 MP: 3/3
  1214 | D:2      | Reached skill level 5 in Axes
  1564 | D:2      | Reached XP level 4. HP: 39/39 MP: 4/4
  1584 | D:2      | Found a faded altar of an unknown god.
  2141 | D:3      | Upgraded the game from 0.27.0-66-gdc8fb28755 to 0.27.1
  2221 | D:3      | Found a glowing drain.
  2241 | D:3      | Reached skill level 6 in Axes
  2242 | Sewer    | Entered a sewer
  2719 | Sewer    | Reached XP level 5. HP: 45/45 MP: 5/5
  2961 | Sewer    | Reached skill level 7 in Axes
  2967 | Sewer    | Reached skill level 8 in Axes
  2967 | Sewer    | Reached XP level 6. HP: 24/51 MP: 6/6
  3231 | D:3      | Found a blossoming altar of Fedhas.
  3243 | D:3      | Found a stormy altar of Qazlal.
  3530 | D:3      | Found a shimmering blue altar of Sif Muna.
  4579 | D:4      | Identified the +5 mace of Xogoolill {holy, *Corrode rPois
                  | Str+4}
  4703 | D:4      | Found a staircase to the Ecumenical Temple.
  4712 | Temple   | Entered the Ecumenical Temple
  4716 | Temple   | Became a worshipper of Warmaster Okawaru
  4737 | D:4      | Found a shimmering altar of Xom.
  4738 | D:4      | Found a burning altar of Makhleb.
  4758 | D:4      | Reached skill level 9 in Axes
  4953 | D:4      | Reached XP level 7. HP: 45/57 MP: 7/7
  5151 | D:4      | Reached skill level 10 in Axes
  5435 | D:5      | Entered Level 5 of the Dungeon
  5579 | D:5      | Reached * piety under Okawaru
  5643 | D:5      | Reached skill level 11 in Axes
  5654 | D:5      | Reached XP level 8. HP: 55/64 MP: 8/8
  5800 | D:5      | Found Zaif's General Store.
  5807 | D:5      | Bought a scroll of identify for 26 gold pieces
  5980 | D:5      | You fall into a shaft and drop 3 floors!
  5988 | D:8      | Reached skill level 12 in Axes
  5999 | D:8      | Reached ** piety under Okawaru
  6024 | D:8      | HP: 3/64 [killer bee (2)]
  6049 | D:8      | HP: 3/64 [killer bee (8)]
  6404 | D:7      | Found a transporter.
  6444 | D:7      | Noticed kthxbai's ghost (amateur DjEE)
  6447 | D:7      | Found a transporter.
  6447 | D:7      | Noticed a troll
  6447 | D:7      | Noticed a gargoyle
  6467 | D:7      | Reached skill level 13 in Axes
  6479 | D:7      | HP: 1/64 [poisoned by an orc]
  6480 | D:7      | Succumbed to an orc's poison

Illustrated notes

Levels and vault maps discovered:
D:1:      minmay_arrival_shattered_statue, layout_basic
D:2:      layout_basic, hellmonk_ecumenical_altar_arch_garden,
          solitary_fountain, chequers_serial_rivers_room_a, minmay_lizard_king
D:3:      layout_loops_corners, grunt_temple_overflow_forces_of_nature,
          led_sif_book, gup_sewer_entry_pipe, minmay_misc_feat_enclosed,
          kennysheep_generic_room_13
D:4:      layout_cave_pools, grunt_temple_overflow_champion_of_chaos,
          minmay_temple_entry_tees, serial_glass, glass_columns_b,
          glass_columns_b, kennysheep_boxes
D:5:      minmay_recursive_quarters, layout_basic, tso_altar, serial_shops,
          shop, supply_closet_lemuel
D:7:      layout_cave_pools, nicolae_elyvilon_peaceful_grove, nzn_ghost_randoct
D:8:      layout_loops_ring, ebering_ghost_disaster_area
Temple:   nicolae_temple_x_marks_the_god

Skill      XL: |  1  2  3  4  5  6  7  8 |
---------------+-------------------------+-----
Axes           | 3 4 5 6 8 9 11 13 | 13.0
Shields        | 4 |  4.0
Fighting       | |  3.6
Armour         | |  3.2

Action                   |  1- 3 |  4- 6 |  7- 9 || total
-------------------------+-------+-------+-------++-------
Melee: War axe           |    89 |   241 |    83 ||   413
       Mace              |       |     7 |    52 ||    59
Throw: Javelin           |     3 |     8 |       ||    11
       Stone             |       |    44 |       ||    44
       Dart              |       |     3 |       ||     3
  Use: Scroll            |       |     4 |     5 ||     9
       Potion            |       |     1 |     7 ||     8
Armor: Scale mail        |    52 |   161 |    80 ||   293
Dodge: Dodged            |    49 |   142 |    62 ||   253
Block: Kite shield       |     3 |       |       ||     3
       Buckler           |       |    15 |    26 ||    41
